 Dungeon Crawl Stone Soup version 0.29.1-15-g9cfb28693d (webtiles) character file.

Game seed: 3805792991321255740

123 Wiggles the Chopper (level 4, -2/39 HPs)
             Began as a Minotaur Berserker on Mar 29, 2023.
             Was a Believer of Trog.
             Slain by a gnoll
             ... wielding a +0 quarterstaff
              (8 damage)
             ... on level 3 of the Dungeon.
             The game lasted 00:02:52 (2631 turns).

Wiggles the Chopper (Minotaur Berserker)            Turns: 2631, Time: 00:02:52

Health: -2/39      AC:  2    Str: 24    XL:     4   Next: 80%
Magic:  3/3        EV: 12    Int:  4    God:    Trog [**....]
Gold:   119        SH:  0    Dex:  9    Spells: 3/3 levels left

rFire   . . .      SeeInvis .   l - +0 war axe (vorpal)
rCold   . . .      Faith    .   (no shield)
rNeg    . . .      Spirit   .   b - +0 animal skin
rPois   .          Reflect  .   (helmet restricted)
rElec   .          Harm     .   (no cloak)
rCorr   .          Rampage  .   (no gloves)
Will    .....                   (no boots)
Stlth   +.........              (no amulet)
HPRegen 0.13/turn               (no ring)
MPRegen 0.08/turn               (no ring)

@: no status effects
A: horns 2, retaliatory headbutt
a: Renounce Religion, Berserk, Trog's Hand


You were on level 3 of the Dungeon.
You worshipped Trog.
Trog was pleased with you.
You visited 1 branch of the dungeon, and saw 3 of its levels.

You collected 119 gold pieces.

Inventory:

Hand Weapons
 a - a +0 hand axe
 l - a +0 vorpal war axe (weapon)
Armour
 b - a +0 animal skin (worn)
Scrolls
 e - a scroll of poison {unknown}
 g - 4 scrolls of identify {unknown}
 h - a scroll of vulnerability {unknown}
 j - a scroll of amnesia {unknown}
Potions
 c - a potion of haste {unknown}
 d - a potion of cancellation {unknown}
 f - a potion of mutation {unknown}
 i - a potion of flight {unknown}
 k - a potion of lignification {unknown}


   Skills:
 - Level 3.6 Fighting
 + Level 6.6 Axes
 - Level 2.4 Armour
 - Level 2.1 Dodging
 + Level 0.4 Stealth


You had 3 spell levels left.
You didn't know any spells.
Your spell library was empty.

Dungeon Overview and Level Annotations

Branches:
Dungeon (3/15)

Altars:


Innate Abilities, Weirdness & Mutations

You have a pair of horns on your head.
You reflexively headbutt those who attack you in melee.


Message History

A gnoll comes into view. It is wielding a +0 whip.
You see here a +0 cloak.
The gnoll barely misses you.
The gnoll shouts!
You slash the gnoll!
You kill the gnoll!
Trog accepts your kill.
You hit the gnoll.
The gnoll is severely wounded.
The gnoll barely misses you. The gnoll hits you with a +0 whip.
* * * LOW HITPOINT WARNING * * *
You hit the gnoll. You headbutt the gnoll.
The gnoll is almost dead.
You feel yourself speed up. The gnoll barely misses you.
The gnoll hits you with a +0 whip.
* * * LOW HITPOINT WARNING * * *
You barely miss the gnoll. You headbutt the gnoll.
You kill the gnoll!
Trog accepts your kill.
You see here a +0 cloak.
You start resting.
A gnoll comes into view. It is wielding a +0 quarterstaff.
A gnoll is nearby!
You recover from your berserk rage.
You start resting.
A gnoll is nearby!
A gnoll is nearby!
A gnoll is nearby!
You start resting.
A gnoll is nearby!
A gnoll is nearby!
You hit the gnoll but do no damage.
The gnoll hits you with a +0 quarterstaff.
* * * LOW HITPOINT WARNING * * *
You closely miss the gnoll. Your headbutt misses the gnoll.
The gnoll misses you. You furiously retaliate!
You headbutt the gnoll, but do no damage.
You completely miss the gnoll.
The gnoll hits you with a +0 quarterstaff!
You die...

#####..##.# #.#
........<..# #.#
######..#### #.## .....#
######..#######
#####..................
###########.######. #.#
#########.##
#..g@[.)).)#
#.#######..# #.# #))#
#.............g[).......
##.###...##.......g...##
g###.#.###..####.# .. ..
...# # ##. #.#. ###.# #
. #.# #.#


You could see a gnoll.

Vanquished Creatures
  An orc priest (D:3)
  2 gnolls (D:3)
  2 adders (D:2)
  A worm (D:2)
  4 orcs (D:3)
  6 endoplasms
  6 goblins
  2 hobgoblins (D:1)
  4 quokkas
  13 ball pythons
  3 bats
  3 frilled lizards
  3 kobolds (D:2)
  3 rats (D:1)
53 creatures vanquished.

Notes
Turn   | Place    | Note
-------+----------+-------------------------------------------
     0 | D:1      | Wiggles the Minotaur Berserker began the quest for the Orb.
     0 | D:1      | Reached XP level 1. HP: 19/19 MP: 0/0
   316 | D:1      | Reached skill level 4 in Axes
   481 | D:1      | Reached XP level 2. HP: 25/26 MP: 1/1
  1496 | D:2      | Reached skill level 5 in Axes
  1508 | D:2      | Reached XP level 3. HP: 18/31 MP: 2/2
  1769 | D:2      | Reached ** piety under Trog
  2563 | D:3      | Reached XP level 4. HP: 39/39 MP: 3/3
  2570 | D:3      | Reached skill level 6 in Axes
  2631 | D:3      | Slain by a gnoll

Illustrated notes

Levels and vault maps discovered:
D:1:      scummos_arrival_simple_crosswalls, layout_basic
D:2:      layout_basic
D:3:      layout_loops_ring, xom_redecorated,
          shapermc_ecumenical_altar_flowoftime, chequers_decorated_corner

Skill      XL: |  1  2  3  4 |
---------------+-------------+-----
Axes           | 4 5 6 |  6.6
Fighting       | |  3.6
Armour         | |  2.4
Dodging        | |  2.1
Stealth        | |  0.4

Action                   |  1- 3 |  4- 6 || total
-------------------------+-------+-------++-------
Melee: Hand axe          |    85 |    11 ||    96
       Headbutt          |    15 |     2 ||    17
       Punch             |     1 |       ||     1
       War axe           |       |     7 ||     7
Invok: Berserk           |     1 |       ||     1
 Stab: Sleeping          |     1 |       ||     1
Armor: Animal skin       |    19 |       ||    19
Dodge: Dodged            |    46 |     8 ||    54
